 Dungeon Crawl Stone Soup version 0.29.1-2-gbd0b4ee654 (webtiles) character file.

Game seed: 7647451005181167503

84 Firos the Changer (level 4, -3/28 HPs)
             Began as an Octopode Transmuter on Nov 8, 2022.
             Slain by a gnoll
             ... wielding a +0 spear
              (7 damage)
             ... on level 2 of the Dungeon.
             The game lasted 00:03:11 (1892 turns).

Firos the Changer (Octopode Transmuter)             Turns: 1892, Time: 00:03:11

Health: -3/28      AC:  1    Str:  8 (9)  XL:     4   Next: 46%
Magic:  7/8        EV: 13    Int: 15 (17) God:
Gold:   97         SH:  0    Dex: 11 (12) Spells: 2/8 levels left

rFire   . . .      SeeInvis .     - Unarmed
rCold   . . .      Faith    .   (no shield)
rNeg    . . .      Spirit   .   (helmet restricted)
rPois   .          Reflect  .   (no amulet)
rElec   .          Harm     .   (no ring)
rCorr   .          Rampage  .   (no ring)
Will    .....                   (no ring)
Stlth   ++........              (no ring)
HPRegen 0.09/turn               (no ring)
MPRegen 0.11/turn               (no ring)
                                (no ring)
                                (no ring)

@: mighty
A: almost no armour, amphibious, 8 rings, camouflage 1, gelatinous body 1,
(nimble swimmer 1), tentacles
a: no special abilities


You were on level 2 of the Dungeon.
You visited 1 branch of the dungeon, and saw 2 of its levels.

You collected 97 gold pieces.

Inventory:

Potions
 b - a potion of degeneration
 c - a potion of magic


   Skills:
 + Level 1.1 Fighting
 + Level 2.0 Dodging
 + Level 0.5 Stealth
 + Level 3.0 Unarmed Combat
 + Level 2.8 Spellcasting
 * Level 3.8 Transmutations


You had 2 spell levels left.
You knew the following spells:

 Your Spells              Type           Power      Damage    Failure   Level
a - Beastly Appendage     Tmut           26%        N/A       4%          1
b - Wereblood             Tmut           13%        N/A       6%          2
c - Spider Form           Tmut/Pois      7%         N/A       28%         3

Your spell library contained the following spells:

 Spells                   Type           Power      Damage    Failure   Level
 Ice Form                 Ice/Tmut       7%         N/A       67%         4


Dungeon Overview and Level Annotations

Branches:
Dungeon (2/15)

Altars:


Innate Abilities, Weirdness & Mutations

You cannot wear most types of armour.
You are amphibious.
You can wear up to eight rings at the same time.
Your skin changes colour to match your surroundings (Stealth+).
Your rubbery body absorbs attacks. (AC +1, EV +1)
((You are camouflaged when in or above water. (Stealth+)))
You have tentacles for arms and can constrict up to eight enemies at once.


Message History

You turn into a venomous arachnid creature.
The gnoll shouts!
You hear a shout! x3
The gnoll completely misses you.
A gnoll comes into view. It is wielding a +0 flail.
The gnoll shouts!
The gnoll completely misses you.
A gnoll comes into view. It is wielding a +0 spear. x2
The gnoll moves out of view.
You hit the gnoll.
The gnoll is moderately wounded.
The gnoll hits you with a +0 halberd!
You hit the gnoll but do no damage.
The gnoll is moderately wounded.
The gnoll misses you.
You bite the gnoll!
The gnoll is poisoned.
The gnoll is severely wounded.
The gnoll barely misses you.
The gnoll hits you from afar with a +0 spear.
Your transformation is almost over.
The gnoll attacks as you move away! The gnoll closely misses you.
You kill the gnoll!
You hit the gnoll.
The gnoll is poisoned.
The gnoll is moderately wounded.
You hit the gnoll.
The gnoll looks as sick as possible!
The gnoll is severely wounded.
You kill the gnoll!
Your transformation has ended.
You aren't carrying any scrolls.
It was a potion of degeneration.
There was something very wrong with that liquid.
You feel weakened.
You feel dopey.
You feel clumsy.
The gnoll hits you from afar with a +0 spear.
* * * LOW HITPOINT WARNING * * *
It was a potion of might.
You feel very mighty all of a sudden. The gnoll barely misses you.
The gnoll hits you from afar with a +0 spear.
* * * LOW HITPOINT WARNING * * *
The gnoll hits you with a +0 spear!
You die...

###..## #.###.#######.## #...).#
###.# #.....###.## #.#...####
....###...........
#.#......########.....##########
# ##.>.................## ###
#.....##.#######........# #..
####..##.# #........# #.#
#..##.# ##......#.# #.#
#..##.######@###...#.######.#
#..........g.# #.#.#.....)..#
#.)###)#...g.# #...##########
#.. ..###.###...#### ##.### #.##
.### #. #.# .# #. ... .# .. ###
## ##


You could see 2 gnolls.

Vanquished Creatures
  Robin (D:2)
  2 gnolls (D:2)
  3 dart slugs
  4 bats
  3 endoplasms
  A giant cockroach (D:1)
  12 goblins
  6 hobgoblins
  2 quokkas (D:2)
  5 ball pythons
  A frilled lizard (D:1)
  4 kobolds
  2 rats (D:1)
46 creatures vanquished.

Notes
Turn   | Place    | Note
-------+----------+-------------------------------------------
     0 | D:1      | Firos the Octopode Transmuter began the quest for the Orb.
     0 | D:1      | Reached XP level 1. HP: 13/13 MP: 3/3
   105 | D:1      | Reached XP level 2. HP: 16/18 MP: 5/5
   177 | D:1      | Learned a level 2 spell: Wereblood
   856 | D:1      | Reached XP level 3. HP: 21/23 MP: 6/6
   860 | D:1      | Learned a level 3 spell: Spider Form
  1022 | D:1      | Found a faded altar of an unknown god.
  1412 | D:2      | Noticed Robin
  1427 | D:2      | Killed Robin
  1451 | D:2      | Reached XP level 4. HP: 12/28 MP: 6/8
  1892 | D:2      | Slain by a gnoll

Illustrated notes

Levels and vault maps discovered:
D:1:      minmay_arrival_checkered_box, layout_loops_cross,
          hellmonk_ecumenical_altar_lost_god
D:2:      layout_loops_ring, patterned_corridor, uniq_robin

Skill      XL: |  1  2 |
---------------+-------+-----
Transmutations | 3 |  3.8
Fighting       | |  1.1
Dodging        | |  2.0
Stealth        | |  0.5
Unarmed Combat | |  3.0
Spellcasting   | |  2.8

Action                   |  1- 3 |  4- 6 || total
-------------------------+-------+-------++-------
Melee: Unarmed           |    96 |    14 ||   110
       Constrict         |    15 |     2 ||    17
       Tentacles         |    14 |     5 ||    19
       Punch             |     3 |       ||     3
 Cast: Spider Form       |     1 |     1 ||     2
  Use: Scroll            |     3 |     1 ||     4
       Potion            |     1 |     2 ||     3
 Stab: Sleeping          |     6 |     1 ||     7
Armor: Skin              |    15 |       ||    15
Dodge: Dodged            |    38 |    11 ||    49
